 Dungeon Crawl Stone Soup version 0.18-a0-1576-g2b87869 (webtiles) character file.

770 Oddball22 the Skirmisher (level 7, -3/62 HPs)
             Began as a Demigod Hunter on Mar 17, 2016.
             Killed by divine providence
             ... invoked by an orc priest
              (12 damage)
             ... on level 5 of the Dungeon.
             The game lasted 00:17:35 (5035 turns).

Oddball22 the Skirmisher (Demigod Hunter)           Turns: 5035, Time: 00:17:35

Health: -3/62      AC: 11    Str: 17    XL:     7   Next: 27%
Magic:  9/9        EV: 14    Int: 13    God:
Gold:   389        SH:  0    Dex: 20    Spells: 0 memorised, 6 levels left

rFire  . . .     SeeInvis .     b - +0 short sword
rCold  . . .     Gourm    .     w - +3 leather armour
rNeg   . . .     Faith    .     (no shield)
rPois  .         Spirit   .     (helmet restricted)
rElec  .         Dismiss  .     g - +0 cloak
rCorr  +         Reflect  .     k - +2 pair of gloves
SustAt +         Harm     .     y - +0 pair of boots
MR     .....                    (no amulet)
Stlth  +.........               h - +2 ring of strength
                                n - ring of resist corrosion

@: confused, not resistant to hostile enchantments, very unstealthy
A: beak, claws 1, dopey 1, high mp 1, no device heal 1, sustain attributes
a: no special abilities


You were on level 5 of the Dungeon.
You were hungry.

You visited 1 branch of the dungeon, and saw 5 of its levels.

You collected 389 gold pieces.

Inventory:

Hand Weapons
 a - a +2 hand crossbow
 b - a +0 short sword (weapon)
 E - a +1 flail of holy wrath
Missiles
 d - 12 bolts
 D - 3 javelins (quivered)
Armour
 g - a +0 cloak (worn)
 k - a +2 pair of gloves (worn)
 w - a +3 leather armour (worn)
 y - a +0 pair of boots (worn)
Jewellery
 h - a +2 ring of strength (right hand)
 n - a ring of resist corrosion (left hand)
Wands
 c - a wand of random effects (25/48)
 i - a wand of slowing (36/48)
 v - a wand of lightning (0/15)
Scrolls
 m - a scroll of identify
 o - 2 scrolls of noise {unknown}
 p - a scroll of recharging {unknown}
 q - 2 scrolls of enchant weapon
 s - a scroll of fog {unknown}
 x - 3 scrolls of teleportation {unknown}
 z - a scroll of enchant armour {unknown}
 H - a scroll of remove curse
 I - a scroll of fear {unknown}
Potions
 e - a potion of magic
 r - 3 potions of curing
 t - 3 potions of degeneration {unknown}
 u - 2 potions of flight {unknown}
 C - 2 potions of resistance {unknown}
 F - 2 potions of agility {unknown}
Comestibles
 f - 4 bread rations
 j - 14 chunks of flesh
 l - 2 fruits
 A - 3 meat rations
 G - a beef jerky


   Skills:
 * Level 5.7 Fighting
 + Level 5.5 Crossbows
 + Level 3.8 Dodging
 - Level 0.8 Stealth


You had 6 spell levels left.
You didn't know any spells.

Dungeon Overview and Level Annotations

Branches:
Dungeon (5/15)
 Temple: D:4-7


Innate Abilities, Weirdness & Mutations

You have an increased reservoir of magic (+10% MP).
Your attributes are resistant to harm.
You have a beak for a mouth.
You have sharp fingernails.
You are dopey. (Int -2)
Potions and wands are less effective at restoring your health.


Message History

The orc wizard blinks!
The orc wizard looks braver for a moment.
The orc wizard casts a spell at you. The puff of flame hits you!
* * * LOW HITPOINT WARNING * * *
The orc wizard gestures at you while chanting.
You are confused.
You miss the orc. The orc hits you but does no damage.
The jelly barely misses you. The orc closely misses you.
You hit the jelly but do no damage.
Your hands burn!
* * * LOW HITPOINT WARNING * * *
The jelly is moderately wounded.
The orc barely misses you.
The orc wizard gestures at you while chanting.
The puff of flame hits you!
* * * LOW HITPOINT WARNING * * *
The orc priest invokes the aid of Beogh against you.
Beogh smites you!
You die...

.. #........ #....#.######
#######...... +?..........#
#....##...... ####+#..?...#.##.#
#....#....... ............#..##.#
#............
..................###..#8#......=
............##.........#.#.######
............##.J.......#.#.#
.!..........oo.o@.)....#r#.#
......#..##.##.oo...(..#>#..
.......#.##.##oo.......#_#..
.............o.........###.....#
.....ยง##..o.........)..........#
......##.................#.....#
....................######.....#
.....#####...##....)..# #.....#.
##. #.#.####.###)####.....#.


You could see a jelly, an orc priest, 2 orc wizards and 5 orcs.

Vanquished Creatures
  Sigmund (D:4)
  An ogre (D:4)
  A centaur (D:5)
  A scorpion (D:4)
  A jelly (D:5)
  2 orc priests (D:4)
  2 orc wizards (D:5)
  2 worker ants (D:4)
  4 gnolls
  5 adders
  An ooze (D:2)
  4 worms
  A dart slug (D:1)
  3 giant geckos
  12 orcs
  2 giant cockroaches (D:1)
  4 goblins
  5 hobgoblins
  15 jackals
  4 kobolds
  2 quokkas
  A ball python skeleton (D:4)
  11 bats
  A giant gecko skeleton (D:4)
  3 giant newts
  6 rats
95 creatures vanquished.

Vanquished Creatures (others)
  A wizard (D:4)
1 creature vanquished.

Grand Total: 96 creatures vanquished

Notes
Turn   | Place    | Note
--------------------------------------------------------------
     0 | D:1      | Oddball22 the Demigod Hunter began the quest for the Orb.
     0 | D:1      | Reached XP level 1. HP: 17/17 MP: 3/3
   341 | D:1      | Reached XP level 2. HP: 24/24 MP: 4/4
  1078 | D:2      | Reached XP level 3. HP: 18/30 MP: 5/5
  1848 | D:2      | Reached XP level 4. HP: 38/38 MP: 6/6
  2408 | D:3      | Noticed a necrophage
  2435 | D:3      | Found a snail-covered altar of Cheibriados.
  2909 | D:3      | Found a glowing silver altar of Zin.
  3031 | D:4      | Reached XP level 5. HP: 46/46 MP: 7/7
  3322 | D:4      | Noticed Sigmund
  3370 | D:4      | Killed Sigmund
  3370 | D:4      | Reached XP level 6. HP: 51/53 MP: 8/8
  3565 | D:4      | Reached skill level 5 in Crossbows
  3665 | D:4      | Reached skill level 5 in Fighting
  3695 | D:4      | HP: 2/56 [poisoned by a scorpion]
  3703 | D:4      | HP: 2/56 [poisoned by a scorpion]
  4023 | D:4      | Found a bloodstained altar of Trog.
  4024 | D:4      | Noticed a wizard
  4030 | D:4      | Killed a wizard
  4090 | D:4      | Found a white marble altar of Elyvilon.
  4140 | D:4      | Found a shimmering altar of Xom.
  4577 | D:4      | Gained mutation: Potions and wands are less effective at restoring your health. [potion of mutation]
  4577 | D:4      | Gained mutation: You have sharp fingernails. [potion of mutation]
  4577 | D:4      | Gained mutation: Your body sometimes deteriorates upon taking damage. [potion of mutation]
  4578 | D:4      | Gained mutation: You have a beak for a mouth. [potion of mutation]
  4578 | D:4      | Lost mutation: Your body sometimes deteriorates upon taking damage. [potion of mutation]
  4578 | D:4      | Gained mutation: You are dopey. (Int -2) [potion of mutation]
  4606 | D:5      | Entered Level 5 of the Dungeon
  4699 | D:5      | Reached XP level 7. HP: 49/61 MP: 9/9
  4941 | D:5      | Found a sparkling altar of Nemelex Xobeh.
  5035 | D:5      | Killed from afar by an orc priest

Vault maps used:
D:1:      evilmike_arrival_run_for_it
D:2:      serial_glass, glass_columns_a, glass_columns_b, st_stairs_14
D:3:      lemuel_round_altar, nicolae_overflow_hidden_temple
D:4:      lemuel_coloured_pillars_altar, marbit_many_paths, trog_wizard,
          uniq_sigmund
D:5:      minmay_temple_entry_mist, first_bread,
          hangedman_abyss_or_decor_lesser_grid, lemuel_statue_altar

Skill      XL: |  1  2  3  4  5  6 |
---------------+-------------------+-----
Fighting       | 2 3 4 5 |  5.7
Crossbows      | 4 5 |  5.5
Dodging        | 2 3 |  3.8
Stealth        | |  0.8

Action                   |  1- 3 |  4- 6 |  7- 9 || total
-------------------------+-------+-------+-------++-------
Melee: Short sword       |   181 |   206 |    67 ||   454
       Hand axe          |       |    15 |       ||    15
 Fire: Hand crossbow     |    10 |    30 |       ||    40
Throw: Javelin           |       |    13 |       ||    13
Evoke: Wand              |       |     1 |     3 ||     4
  Use: Scroll            |       |     4 |       ||     4
       Potion            |       |     7 |     1 ||     8
 Stab: Distracted        |     1 |       |       ||     1
       Sleeping          |     1 |     2 |       ||     3
  Eat: Chunk             |     3 |     9 |     2 ||    14
